 Dungeon Crawl Stone Soup version 0.23.2-30-g0e89c35 (webtiles) character file.

Game seed: 8994229912761420234

164991 Mazchan the Devastator (level 17, -5/149 HPs)
             Began as a Purple Draconian Fire Elementalist on June 11, 2019.
             Was a High Priest of Vehumet.
             Shot with a sling bullet by a satyr (19 damage)
             ... on level 4 of the Shoals on June 13, 2019.
             The game lasted 02:35:49 (45167 turns).

Mazchan the Devastator (DrFE)                      Turns: 45167, Time: 02:35:50

Health: -5/149     AC: 12    Str: 14    XL:     17   Next: 26%
Magic:  29/43      EV: 16    Int: 23    God:    Vehumet [*****.]
Gold:   2002       SH: 10    Dex: 11    Spells: 11/43 levels left

rFire    + + .     SeeInvis .   D - +2 short sword "Moteosec" {freeze, rF+ rC+ rN+}
rCold    + + .     Gourm    .   m - +0 buckler
rNeg     + . .     Faith    .   (armour unavailable)
rPois    +         Spirit   .   (helmet restricted)
rElec    .         Reflect  +   o - scarf {rC+ rF+}
rCorr    .         Harm     .   t - +2 pair of gloves {Str+3}
MR       ++...                  z - -1 pair of boots
Stlth    ++........             I - +5 amulet of reflection
HPRegen  0.34/turn              h - ring of magical power
MPRegen  0.28/turn              v - ring of poison resistance

@: about to teleport
A: breathe power, unfitting armour, cold-blooded, AC +9
a: Breathe Dispelling Energy, Renounce Religion


You were on level 4 of the Shoals.
You worshipped Vehumet.
Vehumet was extremely pleased with you.
You were very hungry.

You visited 6 branches of the dungeon, and saw 31 of its levels.
You visited 1 bazaar.

You collected 2749 gold pieces.
You spent 747 gold pieces at shops.

Inventory:

Hand Weapons
 D - the +2 short sword "Moteosec" (weapon) {freeze, rF+ rC+ rN+}
   (You found it on level 7 of the Dungeon)

   It has been specially enchanted to freeze those struck by it, causing extra
   injury to most foes and up to half again as much damage against particularly
   susceptible opponents.
   It can also slow down cold-blooded creatures.
   It protects you from fire.
   It protects you from cold.
   It protects you from negative energy.
Missiles
 H - 3 throwing nets (quivered)
Armour
 m - a +0 buckler (worn)
 o - a scarf of resistance (worn)
 t - a +2 pair of gloves of strength (worn)
 z - a -1 pair of boots (worn)
 T - a scarf of spirit shield
Jewellery
 h - a ring of magical power (left hand)
 q - an uncursed ring of protection from magic
 v - a ring of poison resistance (right hand)
 I - a +5 amulet of reflection (around neck)
 K - a +2 ring of strength
 Q - an uncursed ring of protection from cold
 R - an uncursed amulet of the acrobat
 Y - a +4 ring of protection
Wands
 j - a wand of iceblast (14)
 G - a wand of paralysis (17)
 J - a wand of polymorph (3)
 M - a wand of acid (10)
 O - a wand of flame (12)
Scrolls
 d - a scroll of blinking
 e - 8 scrolls of amnesia
 f - a scroll of teleportation
 g - 4 scrolls of noise
 k - 13 scrolls of remove curse
 l - 2 scrolls of fear
 n - 8 scrolls of enchant weapon
 p - 5 scrolls of immolation
 x - 2 scrolls of magic mapping
 y - 8 scrolls of enchant armour
 B - 2 scrolls of vulnerability
 E - 2 scrolls of holy word
 N - 2 scrolls of torment {unknown}
Potions
 a - 3 potions of agility
 c - 3 potions of berserk rage {unknown}
 r - 2 potions of haste
 s - 3 potions of degeneration
 u - a potion of curing
 w - 4 potions of brilliance
 A - 5 potions of mutation
 F - 2 potions of lignification
 U - a potion of might {unknown}
 V - a potion of experience {unknown}
 W - 3 potions of resistance
Miscellaneous
 L - a fan of gales
 S - a phial of floods
 Z - a crystal ball of energy
Comestibles
 b - 19 rations


   Skills:
 - Level 13.1 Fighting
 + Level 8.4 Dodging
 - Level 1.7 Stealth
 - Level 6.0 Shields
 + Level 13.7 Spellcasting
 - Level 15.0 Conjurations
 - Level 6.3 Summonings
 + Level 7.3 Transmutations
 - Level 10.0 Fire Magic
 + Level 15.0 Evocations


You had 11 spell levels left.
You knew the following spells:

 Your Spells              Type           Power        Failure   Level  Hunger
a - Flame Tongue          Conj/Fire      #####        0%          1    None
b - Conjure Flame         Conj/Fire      ######..     1%          3    None
c - Sticky Flame          Conj/Fire      ######..     1%          4    None
d - Ignite Poison         Fire/Tmut/Pois #####...     1%          3    None
e - Fireball              Conj/Fire      ######....   1%          5    ###....
f - Bolt of Fire          Conj/Fire      ######....   1%          6    #####..
g - Swiftness             Chrm/Air       ###.....     6%          2    None
h - Spellforged Servitor  Conj/Summ      ######....   11%         7    ######.
i - Beastly Appendage     Tmut           #####.       1%          1    None

Your spell library contained the following spells:

 Spells                   Type           Power        Failure   Level  Hunger
 Conjure Ball Lightning   Conj/Air       ######....   7%          6    #####..
 Shock                    Conj/Air       ####         1%          1    None
 Summon Small Mammal      Summ           ####         1%          1    None
 Sticks to Snakes         Tmut           #####...     1%          2    None
 Throw Flame              Conj/Fire      ######       1%          2    None
 Inner Flame              Hex/Fire       #####...     1%          3    None
 Static Discharge         Conj/Air       ######..     1%          3    None
 Bolt of Draining         Conj/Necr      ######....   1%          5    ###....
 Bolt of Magma            Conj/Fire/Erth ######....   1%          5    ###....
 Lightning Bolt           Conj/Air       ######....   1%          5    ###....
 Spider Form              Tmut/Pois      ####......   2%          3    None
 Animate Skeleton         Necr           N/A          3%          1    None
 Apportation              Tloc           ###...       3%          1    None
 Confusing Touch          Hex            ###...       3%          1    None
 Corona                   Hex            ###....      3%          1    None
 Infusion                 Chrm           ###.         3%          1    None
 Recall                   Summ/Tloc      N/A          3%          3    None
 Blade Hands              Tmut           #####.....   5%          5    ###....
 Corpse Rot               Necr           N/A          6%          2    None
 Shroud of Golubria       Chrm/Tloc      ###.......   6%          2    None
 Slow                     Hex            ###.....     6%          2    None
 Song of Slaying          Chrm           ###.....     6%          2    None
 Sublimation of Blood     Necr           ###.......   6%          2    None
 Yara's Violent Unravell  Hex/Tmut       ####......   7%          5    ###....
 Iron Shot                Conj/Erth      ######....   7%          6    #####..
 Ice Form                 Ice/Tmut       ####....     9%          4    None
 Petrify                  Tmut/Erth      ####....     9%          4    None
 Airstrike                Air            ###.......   11%         4    None
 Confuse                  Hex            ###.....     12%         3    None
 Gell's Gravitas          Tloc           ###.......   12%         3    None
 Portal Projectile        Hex/Tloc       ###...       12%         3    None
 Regeneration             Chrm/Necr      ###.......   12%         3    None
 Spectral Weapon          Hex/Chrm       ###.....     12%         3    None
 Animate Dead             Necr           N/A          36%         4    None
 Cause Fear               Hex            ###.......   36%         4    None
 Leda's Liquefaction      Hex/Erth       ###.......   36%         4    None
 Ignition                 Fire           ######....   67%         8    #######
 Agony                    Necr           ###.....     71%         5    ###....
 Borgnjor's Vile Clutch   Necr/Erth      ###.......   71%         5    ###....
 Dispel Undead            Necr           ###.....     71%         5    ###....
 Excruciating Wounds      Chrm/Necr      ###.......   71%         5    ###....
 Metabolic Englaciation   Hex/Ice        ###.......   71%         5    ###....
 Statue Form              Tmut/Erth      ####.....    78%         6    #####..
 Death Channel            Necr           ###.......   99%         6    #####..
 Simulacrum               Ice/Necr       ###.......   99%         6    #####..
 Ring of Flames           Chrm/Fire      #####.....   99%         7    ######.
 Shatter                  Erth           ###.......   100%        9    #######


Dungeon Overview and Level Annotations

Branches:
Dungeon (15/15)            Temple (1/1) D:4            Lair (6/6) D:9
 Shoals (4/4) Lair:4        Snake (3/4) Lair:4        Slime (0/5) Lair:6
    Orc (2/2) D:11            Elf (0/3) Orc:2        Vaults (0/5) D:13
 Depths (0/5) D:15

Altars:
Dithmenos
Elyvilon
Fedhas
Gozag
Hepliaklqana
Makhleb
Okawaru
Qazlal
Ru
Sif Muna
Trog
Uskayaw
Vehumet
Wu Jian
Zin
The Shining One
Beogh
Jiyva

Shops:
D:5 =   D:7 **   D:8 %   D:13 !   Orc:2 (*=[   Shoals:1 %(}[

Annotations:
D:8 2 transporters


Innate Abilities, Weirdness & Mutations

You can breathe bolts of dispelling energy.
Your rich purple scales are hard. (AC +9)
You cannot fit into any form of body armour.
You are cold-blooded and may be slowed by cold attacks.


Message History

* * * LOW HITPOINT WARNING * * *
The satyr shoots a sling bullet.
The sling bullet hits you!!
* * * LOW HITPOINT WARNING * * *
You feel much better.
The merfolk throws a tomahawk.
You reflect the tomahawk off an invisible shield around you!
The tomahawk hits the merfolk!!
The faun shoots a stone.
The stone hits you!
* * * LOW HITPOINT WARNING * * *
Casting: Fireball (safe; 1% risk of failure)
Confirm with . or Enter, or press ? or * to list all spells.
Aiming: Fireball (safe; 1% risk of failure)
Press: ? - help, Shift-Dir - straight line, p - satyr The fireball explodes!
The fireball engulfs the merfolk!!
You kill the merfolk!
Vehumet accepts your kill.
You feel your power returning.
Your Evocations skill increases to level 15!
The fireball engulfs the faun!
The faun is almost dead.
The satyr shoots a sling bullet.
The sling bullet hits you!!
You die...

≈≈≈,,,,,,≈≈≈,,,,,,,,,,,,**,,,,,,,
≈≈≈,,,,,,...(........≈≈≈,,,,,,,,,
≈≈≈,,,,,,....)c.c)...≈≈≈,,,,,,,,,
≈≈≈≈,,,,,..m............,,≈,,,≈≈,
≈≈≈≈≈,,,,......)........,,,,,≈≈≈≈
≈≈≈≈≈≈≈,,................,,,,≈≈≈≈
≈≈≈≈≈≈≈..≈................≈≈,≈≈≈,
≈≈≈≈≈≈≈≈≈≈≈...(.).........,≈≈≈≈≈≈
≈≈≈≈≈≈≈≈≈≈≈≈....@.........,≈≈≈≈≈≈
≈≈≈≈≈≈≈≈≈≈≈≈....((........,≈≈≈≈≈≈
≈≈≈≈≈≈≈≈≈≈≈≈.............≈≈≈≈≈≈≈≈
≈≈≈≈≈≈≈≈≈≈≈≈....(........≈≈≈≈≈≈≈≈
≈≈≈≈≈≈≈≈≈≈≈≈≈............≈≈≈≈≈≈≈≈
≈≈≈≈≈≈≈≈≈≈≈≈≈...........≈≈≈≈≈≈≈≈≈
≈≈≈≈≈≈≈≈≈≈≈.......≈≈≈≈≈≈≈≈≈≈≈≈≈≈≈
≈≈≈≈≈≈≈≈≈≈.#..≈##≈.≈≈≈≈≈≈≈≈≈≈≈≈≈≈
≈≈≈≈≈≈≈≈≈..#######..≈≈≈≈≈≈≈≈≈≈≈≈≈


You could see a merfolk avatar, a satyr and a faun.

Vanquished Creatures
  Vashnia (Snake:2)
  4 nagarajas (Snake:2)
  An orc warlord (Orc:2)
  2 ettins
  4 merfolk impalers
  Erolcha (D:11)
  Josephine (D:11)
  6 hydras
  8 vault guards
  7 centaur warriors
  7 naga warriors
  An alligator snapping turtle (Shoals:4)
  3 anacondas (Snake:2)
  15 two-headed ogres
  3 ogre magi
  3 tengu warriors
  4 death yaks (Lair:6)
  3 naga sharpshooters (Snake:2)
  2 shock serpents
  An orc high priest (Orc:2)
  A deep elf knight (D:15)
  A hell knight (D:15)
  7 skeletal warriors
  5 sea snakes
  A salamander mystic (Snake:1)
  An unseen horror (D:14)
  A naga ritualist (Snake:2)
  5 lindwurms
  7 orc knights
  12 harpies
  A wizard (D:14)
  4 orc sorcerers
  4 mana vipers
  10 ugly things
  2 deep elf magi
  6 salamanders
  4 fauns
  4 elephants (Lair:5)
  4 cyclopes
  10 manticores
  16 black mambas
  A water nymph (Shoals:1)
  2 molten gargoyles (Lair:6)
  4 merfolk sirens
  A guardian serpent (Snake:2)
  4 naga magi (Snake:2)
  A gargoyle (D:15)
  Psyche (D:11)
  7 spiny frogs
  A rime drake (Lair:6)
  5 komodo dragons
  A queen bee (Orc:1)
  4 polar bears
  15 merfolk
  6 trolls
  A wolf spider simulacrum (D:14)
  12 slime creatures
  5 dream sheep (Shoals:2)
  2 hornets
  A snapping turtle (Shoals:2)
  5 wind drakes
  10 hippogriffs
  18 blink frogs
  3 vampires
  3 shadows
  6 water elementals
  3 wraiths (D:11)
  A centaur simulacrum (D:14)
  4 wyverns
  43 yaks
  A basilisk (Lair:6)
  2 hungry ghosts
  2 vampire mosquitoes (D:15)
  2 wargs
  17 nagas
  7 water moccasins
  7 porcupines
  3 hell hounds (Lair:6)
  7 sky beasts
  A black bear (D:9)
  2 phantoms
  4 ice beasts
  33 orc warriors
  4 necrophages
  2 eyes of draining
  5 wolves
  18 ogres
  12 centaurs
  12 crocodiles
  2 big kobolds
  3 gnoll sergeants
  17 bullfrogs
  6 scorpions
  41 killer bees
  8 wights
  An electric eel (D:8)
  3 centaur zombies
  4 lava snakes (Lair:6)
  6 crimson imps
  8 hounds
  5 jellies
  2 quasits
  A wyvern simulacrum (D:14)
  3 bullfrog zombies
  14 orc priests
  A gnoll shaman (D:8)
  20 orc wizards
  2 bullfrog skeletons
  8 centaur skeletons
  3 iguanas
  11 worker ants
  2 hell rats (Lair:1)
  A hound zombie (D:10)
  A hound skeleton (D:6)
  2 mummies (D:10)
  A worker ant zombie (D:10)
  21 gnolls
  2 howler monkey skeletons
  12 adders
  10 river rats (Lair:1)
  7 shadow imps
  14 white imps (D:14)
  An ufetubus (D:14)
  An adder skeleton (D:4)
  An adder zombie (D:10)
  5 leopard geckos
  69 orcs
  3 ball pythons
  7 giant cockroaches
  7 goblins
  3 hobgoblins
  4 jackals (D:4)
  12 kobolds
  4 quokkas
  6 bats
  8 frilled lizards
  A jackal skeleton (D:6)
  A leopard gecko skeleton (D:5)
  A leopard gecko zombie (D:8)
  7 rats
  3 plants (Shoals:2)
880 creatures vanquished.

Vanquished Creatures (collateral kills)
  Frances (D:11)
  A merfolk impaler (Shoals:4)
  A naga sharpshooter (Snake:2)
  2 sea snakes
  2 harpies (Shoals:3)
  A kraken simulacrum (Shoals:4)
  An orc knight (Orc:2)
  2 water nymphs (Shoals:3)
  2 merfolk sirens
  A black mamba (Snake:1)
  2 naga magi (Snake:2)
  A merfolk (Shoals:3)
  3 snapping turtles
  A water elemental (Shoals:3)
  4 yaks
  6 nagas
  2 hell hounds (Lair:6)
  An orc warrior (Orc:2)
  A lava snake (Lair:6)
  An orc (Orc:2)
36 creatures vanquished.

Vanquished Creatures (others)
  A centaur warrior (D:15)
  A satyr (Shoals:4)
  A naga sharpshooter (Snake:2)
  A sea snake (Shoals:4)
  A faun (Shoals:4)
  4 cyclopes
  A merfolk (Shoals:4)
  5 centaurs
  An orc (Orc:1)
  16 fungi
  4 plants
  2 tentacles (Shoals:4)
38 creatures vanquished.

Grand Total: 954 creatures vanquished

Notes
Turn   | Place    | Note
-------+----------+-------------------------------------------
     0 | D:1      | Mazchan the Draconian Fire Elementalist began the quest for
                  | the Orb.
     0 | D:1      | Reached XP level 1. HP: 14/14 MP: 3/3
   231 | D:1      | Reached XP level 2. HP: 20/20 MP: 1/5
   891 | D:2      | Reached XP level 3. HP: 20/26 MP: 6/6
  1172 | D:2      | Found a bloodstained altar of Trog.
  1491 | D:2      | Reached XP level 4. HP: 33/33 MP: 8/8
  1776 | D:3      | Reached XP level 5. HP: 32/38 MP: 9/9
  2051 | D:3      | Learned a level 3 spell: Conjure Flame
  2700 | D:4      | Reached XP level 6. HP: 11/45 MP: 0/11
  3026 | D:4      | Found a staircase to the Ecumenical Temple.
  3660 | D:5      | Entered Level 5 of the Dungeon
  3686 | D:5      | Noticed a sky beast
  3686 | D:5      | Noticed a sky beast
  3710 | D:5      | Killed a sky beast
  3710 | D:5      | Reached skill level 5 in Fire Magic
  3734 | D:5      | Killed a sky beast
  3734 | D:5      | Your scales start taking on a rich purple colour.
  3734 | D:5      | Reached skill level 5 in Spellcasting
  3734 | D:5      | Reached XP level 7. HP: 29/50 MP: 9/14
  3973 | D:5      | Found Laaraeg's Jewellery Emporium.
  4024 | D:5      | Learned a level 4 spell: Sticky Flame
  4237 | D:5      | Reached skill level 5 in Conjurations
  4771 | D:6      | Reached skill level 1 in Shields
  4947 | Temple   | Entered the Ecumenical Temple
  5023 | Temple   | Became a worshipper of Vehumet
  5143 | D:6      | Reached XP level 8. HP: 49/57 MP: 17/17
  5543 | D:6      | Found a hazy altar of Hepliaklqana.
  5907 | D:6      | Noticed a hornet
  5909 | D:6      | Noticed a purple ugly thing
  5917 | D:6      | Killed a hornet
  5943 | D:6      | Killed a purple ugly thing
  5943 | D:6      | Reached XP level 9. HP: 51/62 MP: 3/18
  6245 | D:7      | Found Banucuan's General Store.
  6254 | D:7      | Bought a scroll of identify for 30 gold pieces
  6412 | D:6      | Reached * piety under Vehumet
  6412 | D:6      | Offered knowledge of Sandblast by Vehumet.
  6524 | D:7      | Got a smoking short sword
  6525 | D:7      | Identified the +2 short sword "Moteosec" {freeze, rF+ rC+
                  | rN+} (You found it on level 7 of the Dungeon)
  6618 | D:7      | Found Gozag's Platinum Reserve.
  6618 | D:7      | Found an opulent altar of Gozag.
  6781 | D:7      | Found a white marble altar of Elyvilon.
  6921 | D:7      | Reached skill level 5 in Shields
  7991 | D:8      | Found a transporter.
  8002 | D:8      | Noticed a gargoyle
  8039 | D:8      | Found a glowing silver altar of Zin.
  8091 | D:8      | Found a stormy altar of Qazlal.
  8207 | D:8      | Found a shadowy altar of Dithmenos.
  8208 | D:8      | Found a transporter.
  8217 | D:8      | Offered knowledge of Shock by Vehumet.
  8219 | D:8      | Reached ** piety under Vehumet
  8589 | D:8      | Found Jenaityi's Food Shop.
  8788 | D:8      | Found a roughly hewn altar of Beogh.
  8921 | D:8      | Found a burning altar of Makhleb.
  8950 | D:8      | Reached skill level 1 in Fighting
  9330 | D:9      | Reached XP level 10. HP: 67/73 MP: 16/19
  9717 | D:9      | Offered knowledge of Ignite Poison by Vehumet.
  9722 | D:9      | Learned a level 3 spell: Ignite Poison
 10032 | D:9      | Found a staircase to the Lair.
 10061 | D:9      | Reached *** piety under Vehumet
 10459 | D:10     | Entered Level 10 of the Dungeon
 10638 | D:10     | Offered knowledge of Fulminant Prism by Vehumet.
 10645 | D:10     | Learned a level 5 spell: Fireball
 10791 | D:10     | Reached skill level 5 in Fighting
 10793 | D:10     | Reached skill level 10 in Fire Magic
 10871 | D:10     | Reached skill level 1 in Evocations
 11037 | D:10     | Noticed a cyclops
 11223 | D:11     | Noticed Erolcha
 11321 | D:10     | Reached **** piety under Vehumet
 11423 | D:10     | Reached XP level 11. HP: 87/88 MP: 20/20
 11431 | D:10     | Reached skill level 10 in Conjurations
 11531 | D:10     | Offered knowledge of Throw Icicle by Vehumet.
 11779 | D:11     | Noticed Josephine
 12148 | D:11     | Killed Erolcha
 12305 | D:11     | Noticed a deep elf mage
 12311 | D:11     | Killed a deep elf mage
 12367 | D:11     | Noticed a lindwurm
 12371 | D:11     | Noticed a lindwurm
 12609 | D:11     | Noticed a lindwurm
 12793 | D:11     | Noticed a lindwurm
 12821 | D:11     | Noticed Psyche
 12828 | D:11     | Killed Psyche
 13111 | D:11     | Reached skill level 5 in Evocations
 13153 | D:11     | Killed Josephine
 13162 | D:11     | Noticed a two-headed ogre
 13174 | D:11     | Killed a two-headed ogre
 13401 | D:11     | Found a staircase to the Orcish Mines.
 13430 | D:11     | Killed a lindwurm
 13431 | D:11     | Killed a lindwurm
 13434 | D:11     | Killed a lindwurm
 13637 | D:11     | Reached ***** piety under Vehumet
 13683 | D:11     | Found a deep blue altar of Sif Muna.
 13686 | D:11     | Found Lughokk's General Store.
 13690 | D:11     | Offered knowledge of Bolt of Fire by Vehumet.
 13703 | D:11     | Learned a level 6 spell: Bolt of Fire
 13896 | D:12     | Noticed a white ugly thing
 13905 | D:12     | Killed a white ugly thing
 13958 | D:12     | Reached XP level 12. HP: 90/103 MP: 10/21
 14640 | D:12     | Noticed Frances
 14655 | D:11     | Killed Frances
 15093 | D:12     | Noticed a two-headed ogre
 15105 | D:12     | Killed a two-headed ogre
 15105 | D:12     | Reached skill level 10 in Fighting
 15176 | D:12     | Noticed an ogre mage
 15179 | D:12     | Noticed a two-headed ogre
 15180 | D:12     | Noticed a two-headed ogre
 15188 | D:12     | Killed an ogre mage
 15194 | D:12     | Killed a two-headed ogre
 15207 | D:12     | Killed a two-headed ogre
 15877 | D:13     | Noticed a centaur warrior
 15889 | D:13     | Killed a centaur warrior
 15891 | D:13     | Offered knowledge of Freezing Cloud by Vehumet.
 15893 | D:13     | Noticed a two-headed ogre
 16068 | D:13     | Found Duwa's Distillery.
 16133 | D:13     | Killed a two-headed ogre
 16133 | D:13     | Reached XP level 13. HP: 74/115 MP: 1/23
 16303 | D:13     | Found a gate to the Vaults.
 16519 | D:12     | Reached skill level 10 in Evocations
 17009 | D:13     | Bought a potion of heal wounds for 75 gold pieces
 17009 | D:13     | Bought a potion of heal wounds for 75 gold pieces
 17009 | D:13     | Bought a potion of curing for 45 gold pieces
 17965 | D:14     | Paralysed by a hornet for 3 turns
 18154 | D:14     | HP: 3/117 [something (8)]
 20283 | D:14     | Reached XP level 14. HP: 58/126 MP: 16/27
 20538 | D:14     | Offered knowledge of Lee's Rapid Deconstruction by Vehumet.
 21266 | D:15     | Entered Level 15 of the Dungeon
 22041 | D:15     | Reached skill level 10 in Spellcasting
 22695 | D:15     | Found a blossoming altar of Fedhas.
 22935 | D:15     | Found a staircase to the Depths.
 23242 | Lair:1   | Entered Level 1 of the Lair of Beasts
 24524 | Lair:2   | Learned a level 2 spell: Swiftness
 25618 | Lair:4   | Found a staircase to the Shoals.
 25645 | Lair:4   | Reached XP level 15. HP: 31/135 MP: 6/29
 25809 | Lair:4   | Offered knowledge of Ozocubu's Refrigeration by Vehumet.
 25942 | Lair:4   | Found a staircase to the Snake Pit.
 27087 | Lair:6   | Entered Level 6 of the Lair of Beasts
 27087 | Lair:6   | Found a staircase to the Slime Pits.
 27087 | Lair:6   | Found a viscous altar of Jiyva.
 27504 | Lair:6   | HP: 6/135 [poisoned by a black mamba]
 27509 | Lair:6   | HP: 4/135 [lindwurm/blast of flame (4)]
 28554 | Lair:6   | Found a large runed translucent door.
 28559 | Lair:6   | Found a large runed translucent door.
 28680 | Lair:6   | Offered knowledge of Spellforged Servitor by Vehumet.
 28702 | Lair:6   | Learned a level 7 spell: Spellforged Servitor
 29850 | Orc:1    | Entered Level 1 of the Orcish Mines
 29880 | Orc:1    | Reached skill level 15 in Conjurations
 30004 | Orc:1    | Reached skill level 1 in Transmutations
 30013 | Orc:1    | Reached skill level 5 in Dodging
 30081 | Orc:1    | Reached skill level 1 in Summonings
 30101 | Orc:1    | HP: 5/135 [orc warrior/+4 scimitar[an orc knight] (8)]
 31213 | Orc:2    | Entered Level 2 of the Orcish Mines
 31227 | Orc:2    | Found Tipevvuub's General Store.
 31377 | Orc:2    | Found Ysoch's Antique Weapon Shoppe.
 31783 | Orc:2    | Offered knowledge of Orb of Destruction by Vehumet.
 31969 | Orc:2    | Noticed an orc warlord
 32854 | Orc:2    | Killed an orc warlord
 33116 | Orc:2    | Bought a scroll of blinking for 82 gold pieces
 33128 | Orc:2    | Found a roughly hewn altar of Beogh.
 33226 | Orc:2    | Found Lyfi's Jewellery Boutique.
 33240 | Orc:2    | Found a staircase to the Elven Halls.
 33394 | Orc:2    | Found Puchom's Antique Armour Shoppe.
 33403 | Orc:2    | Bought a pair of glowing gloves for 180 gold pieces
 33674 | Orc:2    | Bought an uncursed ring of poison resistance for 260 gold
                  | pieces
 33919 | Snake:1  | Entered Level 1 of the Snake Pit
 34074 | Snake:1  | Found a shadowy altar of Dithmenos.
 34471 | Snake:1  | Reached XP level 16. HP: 130/143 MP: 27/32
 34474 | Snake:1  | Learned a level 1 spell: Beastly Appendage
 35387 | Snake:1  | HP: 7/143 [shock serpent/electric aura (21)]
 35811 | Snake:2  | Noticed Vashnia
 35841 | Snake:1  | Offered knowledge of Conjure Ball Lightning by Vehumet.
 37125 | Snake:2  | HP: 5/143 [salamander (3)]
 37131 | Snake:2  | HP: 4/143 [poisoned by a naga mage (splash of poison)]
 37137 | Snake:2  | HP: 4/143 [poisoned by a naga mage (splash of poison)]
 37145 | Snake:2  | HP: 5/143 [poisoned by a naga mage (splash of poison)]
 37150 | Snake:2  | HP: 3/143 [salamander/arrow (3)]
 37741 | Snake:2  | Killed Vashnia
 37741 | Snake:2  | Reached skill level 5 in Transmutations
 38164 | Snake:2  | Reached skill level 5 in Summonings
 40859 | Shoals:1 | Entered Level 1 of the Shoals
 40925 | Shoals:1 | Found Orakhig's Antique Armour Boutique.
 40979 | Shoals:1 | Found Xewyergh's Gadget Shop.
 40993 | Shoals:1 | Found Luawe's Food Shoppe.
 40995 | Shoals:1 | Found Cobbyro's Antique Weapon Shoppe.
 42654 | Shoals:2 | Identified 2 scrolls of acquirement
 43342 | Shoals:3 | Reached XP level 17. HP: 139/149 MP: 17/34
 44257 | Shoals:4 | Entered Level 4 of the Shoals
 44302 | Shoals:4 | Found a flickering gateway to a bazaar.
 44802 | Bazaar   | Entered a bazaar
 44802 | Bazaar   | Found Xihiut's Armour Boutique.
 44802 | Bazaar   | Found Reduefut's Antique Armour Shop.
 44802 | Bazaar   | Found Wirer's Weapon Shop.
 45165 | Shoals:4 | HP: 7/149 [satyr/sling bullet (27)]
 45167 | Shoals:4 | Reached skill level 15 in Evocations
 45167 | Shoals:4 | Shot with a sling bullet by a satyr

Skill      XL: |  1  2  3  4  5  6  7  8  9 10 11 12 13 14 15 16 17 |
---------------+----------------------------------------------------+-----
Conjurations   | 2 3 4 5 6 8 9 11 12 13 14 15 | 15.0
Spellcasting   | 3 5 6 9 10 12 13 | 13.7
Fire Magic     | 4 5 6 7 8 10 | 10.0
Shields        | 1 4 6 |  6.0
Fighting       | 2 6 8 10 12 13 | 13.1
Evocations     | 2 6 9 11 12 13 14 15 | 15.0
Dodging        | 3 5 7 8 |  8.4
Transmutations | 3 6 7 |  7.3
Summonings     | 3 6 |  6.3
Stealth        | |  1.7

Action                   |  1- 3 |  4- 6 |  7- 9 | 10-12 | 13-15 | 16-18 || total
-------------------------+-------+-------+-------+-------+-------+-------++-------
Melee: Spear             |    10 |       |       |       |       |       ||    10
       Dagger            |       |    50 |    64 |       |       |       ||   114
       Tailslap          |       |     8 |     7 |     6 |    26 |    20 ||    67
       Short sword       |       |       |    27 |    84 |   239 |   182 ||   532
Throw: Throwing net      |       |       |       |       |     3 |     1 ||     4
 Cast: Flame Tongue      |    50 |   118 |   283 |   512 |   863 |   269 ||  2095
       Conjure Flame     |       |     7 |     9 |    16 |    39 |    15 ||    86
       Sticky Flame      |       |       |    21 |    69 |   231 |    63 ||   384
       Fireball          |       |       |       |    22 |    34 |    32 ||    88
       Bolt of Fire      |       |       |       |     3 |    61 |    84 ||   148
       Swiftness         |       |       |       |       |     4 |     3 ||     7
       Spellforged Servi |       |       |       |       |     1 |     7 ||     8
 Abil: Breathe Dispellin |       |       |    11 |    20 |    19 |    10 ||    60
Evoke: Wand              |       |     1 |       |    21 |    43 |    29 ||    94
       Fan of gales      |       |       |       |     2 |     4 |     2 ||     8
       Crystal ball of e |       |       |       |     3 |     6 |     4 ||    13
       Phial of floods   |       |       |       |     1 |     4 |     4 ||     9
  Use: Potion            |       |     2 |       |     1 |    14 |     4 ||    21
       Scroll            |       |       |     2 |    14 |    16 |    16 ||    48
 Stab: Sleeping          |       |       |     1 |     1 |       |       ||     2
       Paralysed         |       |       |       |     9 |    10 |    26 ||    45
  Eat: Chunk             |     2 |     8 |    19 |    27 |    47 |    23 ||   126
       Ration            |       |       |     2 |     4 |    13 |    11 ||    30
Armor: Skin              |     7 |    31 |    61 |    72 |   161 |    90 ||   422
Dodge: Dodged            |    13 |    67 |   142 |   152 |   422 |   251 ||  1047
Block: Buckler           |       |       |    47 |   171 |   491 |   242 ||   951
       Reflection        |       |       |     1 |    16 |    58 |    44 ||   119
